 Dungeon Crawl Stone Soup version 0.18-b1-2-gd0c887e (webtiles) character file.

239 Zhenya25pyc the Skirmisher (level 6, -11/39 HPs)
             Began as a Gargoyle Fighter on Apr 28, 2016.
             Mangled by an ogre
             ... wielding a +0 giant club
              (16 damage)
             ... on level 4 of the Dungeon.
             The game lasted 00:06:02 (3122 turns).

Zhenya25pyc the Skirmisher (Gargoyle Fighter)       Turns: 3122, Time: 00:06:03

Health: -11/39     AC: 15    Str: 22    XL:     6   Next: 7%
Magic:  6/6        EV:  5    Int:  8    God:
Gold:   217        SH:  9    Dex:  9    Spells: 0 memorised, 5 levels left

rFire  . . .     SeeInvis .     a - +0 flail
rCold  + . .     Gourm    .     k - +0 chain mail
rNeg   + . .     Faith    .     c - +0 shield
rPois  ∞         Spirit   .     u - +0 helmet
rElec  +         Dismiss  .     (no cloak)
rCorr  .         Reflect  .     (no gloves)
SustAt .         Harm     .     (no boots)
MR     .....                    z - amulet of inaccuracy (curse)
Stlth  ..........               y - ring of stealth (curse)
                                n - ring of protection from cold

@: not resistant to hostile enchantments, extremely unstealthy
A: negative energy resistance 1, electricity resistance, unbreathing,
petrification resistance, rot immunity, AC +4
a: no special abilities


You were on level 4 of the Dungeon.
You were very hungry.

You visited 1 branch of the dungeon, and saw 4 of its levels.

You collected 217 gold pieces.

Inventory:

Hand Weapons
 a - a +0 flail (weapon)
Armour
 c - a +0 shield (worn)
 k - a +0 chain mail (worn)
 u - a +0 helmet (worn)
Jewellery
 n - a ring of protection from cold (left hand)
 r - an uncursed amulet of dismissal
 y - a cursed ring of stealth (right hand)
 z - a cursed amulet of inaccuracy (around neck)
Scrolls
 e - 7 scrolls of identify {unknown}
 i - 3 scrolls of blinking {unknown}
 j - a scroll of recharging {unknown}
 o - a scroll of remove curse {unknown}
 v - a scroll of enchant armour {unknown}
 w - a scroll of teleportation {unknown}
Potions
 b - a potion of mutation {unknown}
 d - 2 potions of might
 h - a potion of brilliance {unknown}
 l - 2 potions of curing {unknown}
 p - a potion of magic {unknown}
 q - a potion of lignification {unknown}
 s - a potion of cancellation {unknown}
 t - a potion of invisibility {unknown}
 x - a potion of berserk rage {unknown}
 A - a potion of resistance {unknown}
Comestibles
 f - a bread ration
 g - 3 meat rations
 m - a beef jerky


   Skills:
 + Level 4.5 Fighting
 * Level 4.0 Maces & Flails
 + Level 4.1 Armour
 + Level 4.3 Shields


You had 5 spell levels left.
You didn't know any spells.

Dungeon Overview and Level Annotations

Branches:
Dungeon (4/15)
 Temple: D:4-7

Altars:
Ru


Innate Abilities, Weirdness & Mutations

You are resistant to torment.
Your stone body is resilient (AC +4).
You are immune to poison.
You resist negative energy.
You are resistant to electric shocks.
You can survive without breathing.
You are immune to petrification.
You are immune to rotting.


Message History

You are too injured to fight recklessly!
Your shield and chain mail prevent you from hitting the ogre.
The ogre is lightly wounded.
You block the ogre's attack.
You closely miss the ogre.
The ogre is lightly wounded.
You block the ogre's attack.
You hit the ogre.
The ogre is moderately wounded.
The ogre hits you with a giant club.
* * * LOW HITPOINT WARNING * * *
You closely miss the ogre.
The ogre is moderately wounded.
You barely miss the ogre.
The ogre is moderately wounded.
You block the ogre's attack.
You closely miss the ogre.
The ogre is moderately wounded.
The ogre hits you with a giant club!
You die...

#..###..##.###...###..###
#...'........#....'....#
#...#........+....#....#
#...#........#....#....#
##.#############..######
######.##.##########..#
............#......#...#
............#......#...#
............'@O....#...#
............#......#
............#......#
####################


You could see an ogre.

Vanquished Creatures
  The ghost of SkaryMonk the Insei, an amateur OpTm of Fedhas (D:3)
  An orc wizard (D:3)
  An iguana (D:3)
  2 adders
  An ooze (D:1)
  2 worms
  2 dart slugs
  4 giant geckos
  2 orcs (D:3)
  4 giant cockroaches
  8 goblins
  11 hobgoblins
  2 jackals (D:2)
  2 quokkas (D:2)
  9 bats
  3 giant newts
  11 kobolds
  7 rats
73 creatures vanquished.

Notes
Turn   | Place    | Note
--------------------------------------------------------------
     0 | D:1      | Zhenya25pyc the Gargoyle Fighter began the quest for the Orb.
     0 | D:1      | Reached XP level 1. HP: 14/14 MP: 1/1
    12 | D:1      | Noticed a minotaur skeleton
    16 | D:1      | Noticed a minotaur skeleton
    16 | D:1      | Noticed a minotaur skeleton
    19 | D:1      | Noticed a minotaur skeleton
   130 | D:1      | Reached XP level 2. HP: 19/19 MP: 2/2
   328 | D:1      | Reached XP level 3. HP: 19/24 MP: 3/3
  1236 | D:2      | Found a sacrificial altar of Ru.
  1680 | D:2      | Reached XP level 4. HP: 29/29 MP: 4/4
  1833 | D:3      | Noticed SkaryMonk's ghost (amateur OpTm)
  2153 | D:3      | Killed SkaryMonk's ghost
  2153 | D:3      | Reached XP level 5. HP: 25/34 MP: 5/5
  2704 | D:3      | Reached XP level 6. HP: 34/39 MP: 6/6
  3122 | D:4      | Mangled by an ogre

Skill      XL: |  1  2  3  4  5 |
---------------+----------------+-----
Maces & Flails | 3 4 |  4.0
Fighting       | 4 |  4.5
Armour         | 4 |  4.1
Shields        | 4 |  4.3

Action                   |  1- 3 |  4- 6 || total
-------------------------+-------+-------++-------
Melee: Flail             |   218 |   198 ||   416
  Eat: Chunk             |     2 |     5 ||     7
Armor: Scale mail        |    26 |       ||    26
       Chain mail        |   156 |   127 ||   283
Dodge: Dodged            |    82 |    49 ||   131
Block: Shield            |   157 |   113 ||   270
